 Dungeon Crawl Stone Soup version 0.28-a0-476-g0f06bd746f (webtiles) character file.

Game seed: 7833349705669714838

268 dduke234 the Cutter (level 6, -1/48 HPs)
             Began as a Vampire Chaos Knight on Sept 16, 2021.
             Was a Plaything of Xom.
             Slain by an iguana (9 damage)
             ... on level 4 of the Dungeon.
             The game lasted 00:08:18 (2792 turns).

dduke234 the Cutter (Vampire Chaos Knight)          Turns: 2792, Time: 00:08:19

Health: -1/48      AC:  5    Str: 12    XL:     6   Next: 0%
Magic:  6/6        EV: 12    Int: 15    God:    Xom [..*...]
Gold:   119        SH:  0    Dex: 14    Spells: 5/5 levels left

rFire   . . .      SeeInvis +   e - +6 dagger
rCold   . . .      Faith    .   (no shield)
rNeg    . . .      Spirit   .   b - +2 leather armour
rPois   .          Reflect  .   (no helmet)
rElec   .          Harm     .   (no cloak)
rCorr   .          Rampage  .   (no gloves)
Will    .....                   (no boots)
Stlth   ++........              (no amulet)
HPRegen 0.36/turn               (no ring)
MPRegen 0.10/turn               (no ring)

@: healing quickly
A: alive, fangs 3, see invisible, vampiric 2
a: Exsanguinate, Renounce Religion


You were on level 4 of the Dungeon.
You worshipped Xom.
You were a toy of Xom.
You visited 1 branch of the dungeon, and saw 4 of its levels.

You collected 119 gold pieces.

Inventory:

Hand Weapons
 a - a +0 short sword of chaos
 e - a +6 dagger (weapon)
Armour
 b - a +2 leather armour (worn)
Scrolls
 d - a scroll of vulnerability
 f - a scroll of immolation {unknown}
 h - a scroll of enchant armour {unknown}
 k - a scroll of summoning {unknown}
 l - a scroll of amnesia {unknown}
 m - a scroll of brand weapon {unknown}
Potions
 j - a potion of attraction


   Skills:
 * Level 3.8 Fighting
 * Level 5.3 Short Blades
 - Level 0.7 Armour
 * Level 3.6 Dodging
 * Level 3.4 Stealth


You had 5 spell levels left.
You didn't know any spells.
Your spell library contained the following spells:

 Spells                   Type           Power      Damage    Failure   Level
 Shock                    Conj/Air       0%         1d3       34%         1
 Gell's Gravitas          Tloc           0%         N/A       71%         3
 Lesser Beckoning         Tloc           0%         N/A       71%         3
 Swiftness                Air            0%         N/A       71%         3
 Teleport Other           Tloc           0%         N/A       71%         3
 Airstrike                Air            0%         N/A       98%         4


Dungeon Overview and Level Annotations

Branches:
Dungeon (4/15)
 Temple: D:4-7

Altars:
Cheibriados
Dithmenos
Qazlal
Trog

Shops:
D:2 !   D:4 (


Innate Abilities, Weirdness & Mutations

Your natural rate of healing is accelerated.
You have razor-sharp teeth.
You have supernaturally acute eyesight. (SInv)
You are afflicted with vampirism and can become a bat while bloodless.


Message History

The jackal bites you but does no damage.
The hobgoblin barely misses you. The jackal barely misses you.
The iguana bites you.
You hit the jackal.
You kill the jackal!
The giant cockroach barely misses you. The hobgoblin barely misses you.
The jackal barely misses you.
The iguana bites you but does no damage.
You have reached level 6!
Your experience leads to an increase in your attributes!
Increase (S)trength, (I)ntelligence, or (D)exterity?
You feel agile.
You are too injured to fight recklessly!
You are too injured to fight recklessly!
You are too injured to fight recklessly!
You are too injured to fight recklessly!
You are too injured to fight recklessly!
You are too injured to fight recklessly!
You hit the hobgoblin.
The hobgoblin is severely wounded.
The giant cockroach bites you but does no damage.
The jackal bites you but does no damage.
The hobgoblin misses you.
You hit the hobgoblin.
You kill the hobgoblin!
The giant cockroach bites you but does no damage.
The iguana bites you.
* * * LOW HITPOINT WARNING * * *
The jackal misses you. The giant cockroach barely misses you.
The iguana bites you!
* * * LOW HITPOINT WARNING * * *
The giant cockroach bites you but does no damage.
The jackal barely misses you.
You see here a hobgoblin corpse.
You completely miss the iguana. Your bite misses the iguana.
The iguana bites you but does no damage.
The jackal misses you.
You hit the iguana but do no damage. The giant cockroach closely misses you.
The iguana bites you!
You die...

###### #....#
#....## #.....# ..##
########.....# ...#
..........§.§# ...#
.......B..§§# ...#
.......@h.# ...#
.....$.l..# ...#
..........#
...####............#
.!.....# ###########
.......# #+#B...#
..#....# ..#....#


You could see an iguana, a jackal and a giant cockroach.

Vanquished Creatures
  A phantom (D:4)
  An iron imp (D:3)
  An iguana (D:4)
  Robin (D:2)
  2 adders (D:3)
  3 worms
  2 dart slugs
  An orc (D:3)
  12 endoplasms
  2 giant cockroaches (D:2)
  15 goblins
  11 hobgoblins
  7 jackals
  4 kobolds
  2 quokkas
  9 ball pythons
  6 bats
  4 frilled lizards
  7 rats
91 creatures vanquished.

Notes
Turn   | Place    | Note
-------+----------+-------------------------------------------
     0 | D:1      | dduke234 the Vampire Chaos Knight began the quest for the
                  | Orb.
     0 | D:1      | Reached XP level 1. HP: 17/17 MP: 1/1
   108 | D:1      | Reached XP level 2. HP: 23/23 MP: 2/2
   162 | D:1      | XOM is BORED!
   162 | D:1      | XOM: silly message
   349 | D:1      | XOM: potion effect (haste)
   542 | D:1      | Reached skill level 1 in Stealth
   744 | D:2      | Gained mutation: You are afflicted with vampirism and can
                  | become a bat while bloodless. [Vampire growth]
   744 | D:2      | Reached XP level 3. HP: 3/29 MP: 3/3
   744 | D:2      | HP: 1/29 [frozen (2)]
   867 | D:2      | Found Hucaimamn's Distillery.
   984 | D:2      | Reached skill level 4 in Short Blades
  1327 | D:2      | Noticed Robin
  1340 | D:2      | Killed Robin
  1356 | D:2      | Reached XP level 4. HP: 15/35 MP: 4/4
  1393 | D:2      | XOM: silly message
  1889 | D:3      | Found a stormy altar of Qazlal.
  1912 | D:3      | Found a snail-covered altar of Cheibriados.
  2031 | D:3      | Reached XP level 5. HP: 41/41 MP: 5/5
  2044 | D:3      | Found a faded altar of an unknown god.
  2182 | D:3      | Found a bloodstained altar of Trog.
  2274 | D:3      | XOM: silly message
  2551 | D:4      | Found Hege's Antique Weapon Boutique.
  2577 | D:4      | Reached skill level 5 in Short Blades
  2766 | D:4      | Found a shadowy altar of Dithmenos.
  2766 | D:4      | Noticed a phantom
  2766 | D:4      | XOM: 1-stop teleportation journey
  2783 | D:4      | Killed a phantom
  2788 | D:4      | Reached XP level 6. HP: 17/48 MP: 6/6
  2792 | D:4      | Slain by an iguana

Illustrated notes

Levels and vault maps discovered:
D:1:      psy_arrival_whirlpool, layout_basic
D:2:      layout_basic, serial_shops, shop, uniq_robin
D:3:      minmay_recursive_quarters, layout_loops_ring, slow_altar_1,
          mainiacjoe_overflow_boulevard, lemuel_doored_altar,
          dreamdust_ecumenical_altar_angels_and_demons
D:4:      layout_gridville, grunt_dithmenos_smoke, serial_shops, shop_statue,
          eino_tiny_chamber, nrook_campfire, corexii_item_surrounded_by_moat

Skill      XL: |  1  2  3  4  5 |
---------------+----------------+-----
Fighting       | 3 |  3.8
Stealth        | 1 2 3 |  3.4
Short Blades   | 4 5 |  5.3
Dodging        | 3 |  3.6
Armour         | |  0.7

Action                   |  1- 3 |  4- 6 || total
-------------------------+-------+-------++-------
Melee: Short sword       |   128 |    13 ||   141
       Bite              |     6 |    12 ||    18
       Dagger            |       |   131 ||   131
  Use: Scroll            |     4 |     5 ||     9
       Potion            |     3 |     1 ||     4
 Stab: Sleeping          |     2 |     7 ||     9
Armor: Leather armour    |    48 |    62 ||   110
       Skin              |     1 |       ||     1
Dodge: Dodged            |    79 |   123 ||   202

Table legend: (Time is in decaauts)
 A = Elapsed time spent in this place.
 B = Non-inter-level travel time spent in this place.
 C = Inter-level travel time spent in this place.
 D = Time resting spent in this place.
 E = Time spent auto-exploring this place.
 F = Levels seen in this place.
 G = Mean time per level.
                   A        B        C        D        E       F      G
               +--------+--------+--------+--------+--------+-----+--------+
         Total |   2729 |   2671 |     58 |      0 |   2087 |   4 |  682.2 |
       Dungeon |   2729 |   2671 |     58 |      0 |   2087 |   4 |  682.2 |
               +--------+--------+--------+--------+--------+-----+--------+

Top non-repeatable levels by time:
     D:2: 1046 daAuts
     D:3: 778 daAuts
     D:1: 673 daAuts
     D:4: 231 daAuts
